 Dungeon Crawl Stone Soup version 0.20-a0-731-gecde0bf (webtiles) character file.

266 Laphicet the Slasher (level 6, -8/79 HPs)
             Began as a Draconian Berserker on Feb 22, 2017.
             Was a Priest of Trog.
             Mangled by an orc warrior
             ... wielding a +0 dire flail
              (12 damage)
             ... on level 4 of the Dungeon.
             The game lasted 00:05:41 (2954 turns).

Laphicet the Slasher (Draconian Berserker)          Turns: 2954, Time: 00:05:42

Health: -8/79      AC:  6    Str: 25    XL:     6   Next: 0%
Magic:  6/6        EV: 12    Int:  9    God:    Trog [***...]
Gold:   103        SH:  5    Dex: 10    Spells: 5/5 levels left

rFire    . . .     SeeInvis .   a - +0 falchion
rCold    . . .     Gourm    .   (armour unavailable)
rNeg     . . .     Faith    .   s - +2 buckler
rPois    +         Spirit   .   (helmet restricted)
rElec    .         Reflect  .   (no cloak)
rCorr    .         Harm     .   (no gloves)
MR       +++..                  (no boots)
Stlth    ..........             (no amulet)
Regen    1.3/turn               l - ring of protection from magic
MPRegen  0.1/turn               k - ring of poison resistance

@: berserking, regenerating, very quick
A: unfitting armour, cold-blooded, AC +6
a: Berserk, Trog's Hand, Burn Spellbooks, Renounce Religion


You were on level 4 of the Dungeon.
You worshipped Trog.
Trog was most pleased with you.
You were hungry.

You visited 1 branch of the dungeon, and saw 4 of its levels.

You collected 103 gold pieces.

Inventory:

Hand Weapons
 a - a +0 falchion (weapon)
 j - a +1 dagger of venom
Armour
 s - a +2 buckler (worn)
Jewellery
 k - a ring of poison resistance (left hand)
 l - a ring of protection from magic (right hand)
 v - a +1 ring of evasion {unknown}
 y - an uncursed amulet of magic regeneration {unknown}
Wands
 x - a wand of scattershot (3/9)
Scrolls
 c - 2 scrolls of fog {unknown}
 d - 5 scrolls of identify {unknown}
 e - a scroll of amnesia {unknown}
 f - a scroll of blinking {unknown}
 n - 3 scrolls of teleportation {unknown}
 o - a scroll of fear {unknown}
 r - a scroll of magic mapping {unknown}
 t - a scroll of immolation {unknown}
 u - a scroll of enchant armour {unknown}
Potions
 h - 2 potions of brilliance {unknown}
 i - a potion of degeneration {unknown}
 w - 2 potions of curing {unknown}
Books
 p - a book of Necromancy

   Spells                             Type                      Level
   a - Pain                           Necromancy                   1
   b - Animate Skeleton               Necromancy                   1
   c - Vampiric Draining              Necromancy                   3
   d - Regeneration                   Charms/Necromancy            3
   e - Animate Dead                   Necromancy                   4
   f - Control Undead                 Necromancy                   4
   Trog disapproves of the use of such an item.
 q - a book of Maledictions

   Spells                             Type                      Level
   a - Corona                         Hexes                        1
   b - Ensorcelled Hibernation        Hexes/Ice                    2
   c - Confuse                        Hexes                        3
   d - Tukima's Dance                 Hexes                        3
   e - Dazzling Spray                 Conjuration/Hexes            3
   Trog disapproves of the use of such an item.
Comestibles
 b - 3 bread rations
 g - 2 meat rations
 m - 2 chunks of flesh


   Skills:
 + Level 4.3 Fighting
 + Level 5.0 Long Blades
 + Level 3.3 Dodging
 + Level 2.3 Stealth
 + Level 0.6 Shields


You had 5 spell levels left.
You didn't know any spells.

Dungeon Overview and Level Annotations

Branches:
Dungeon (4/15)
 Temple: D:4-7

Altars:
Hepliaklqana
Zin


Innate Abilities, Weirdness & Mutations

Your plain brown scales are hard. (AC +6)
You cannot fit into any form of body armour.
You are cold-blooded and may be slowed by cold attacks.


Message History

The orc priest miscasts a cantrip.
The orc warrior hits you with a dire flail!
* * * LOW HITPOINT WARNING * * *
You closely miss the orc warrior.
The orc warrior is severely wounded.
The orc warrior closely misses you.
You hit the orc warrior. You tail-slap the orc warrior.
The orc warrior is almost dead.
The orc wizard mumbles some strange words.
The orc wizard blinks!
The orc priest hits you with a dagger.
* * * LOW HITPOINT WARNING * * *
The orc wizard gestures wildly while chanting.
The orc wizard blinks!
You closely miss the orc warrior.
The orc warrior is almost dead.
The orc warrior barely misses you.
You barely miss the orc warrior.
Your tail-slap misses the orc warrior.
The orc warrior is almost dead.
The orc warrior hits you with a dire flail!
You die...

## .# .## #######.##
#........##
#.#.#.#o..##
#....§o@o..## .#
#.#.#.#o#...# .#
#...........####.##
.[#.#.#..#........#
....%§...#..#.#.#.##
.#####...##........#
#####..#.#.#..#
##.........# #
#...#.#.#).# ##.


You could see an orc warrior, an orc priest, an orc wizard and an orc.

Vanquished Creatures
  An orc priest (D:3)
  An orc wizard (D:3)
  A worker ant (D:4)
  A gnoll (D:1)
  7 adders
  An ooze (D:2)
  2 worms
  3 dart slugs
  11 orcs
  3 ball pythons
  6 giant cockroaches
  10 goblins
  13 hobgoblins
  2 quokkas (D:2)
  8 bats
  2 frilled lizards
  8 kobolds
  7 rats
87 creatures vanquished.

Notes
Turn   | Place    | Note
-------+----------+-------------------------------------------
     0 | D:1      | Laphicet the Draconian Berserker began the quest for the Orb.
     0 | D:1      | Reached XP level 1. HP: 19/19 MP: 1/1
   209 | D:1      | Reached XP level 2. HP: 24/26 MP: 2/2
   344 | D:1      | Reached XP level 3. HP: 31/31 MP: 3/3
   732 | D:1      | Reached ** piety under Trog
   783 | D:1      | Reached skill level 1 in Stealth
  1224 | D:2      | Reached skill level 4 in Long Blades
  1267 | D:2      | Reached XP level 4. HP: 32/40 MP: 4/4
  2110 | D:3      | Reached XP level 5. HP: 46/46 MP: 5/5
  2204 | D:3      | Reached *** piety under Trog
  2883 | D:4      | Found a glowing silver altar of Zin.
  2911 | D:4      | Found a hazy altar of Hepliaklqana.
  2921 | D:4      | Reached skill level 5 in Long Blades
  2921 | D:4      | Reached XP level 6. HP: 48/53 MP: 6/6
  2941 | D:4      | Noticed an orc warrior
  2950 | D:4      | HP: 2/79 [orc warrior/dire flail (9)]
  2954 | D:4      | Mangled by an orc warrior

Vault maps used:
D:1:      tarquinn_simple_flora_water_d
D:3:      first_bread, roderic_aztec_sauvastika
D:4:      zin_academy, nicolae_overflow_crystal_walls, serial_glass,
          glass_columns_a, glass_columns_a, glass_columns_b, glass_columns_b,
          glass_columns_b, glass_columns_b, glass_columns_b, glass_columns_b,
          grunt_decor_clamped, uniq_sigmund

Skill      XL: |  1  2  3  4  5 |
---------------+----------------+-----
Dodging        | 3 |  3.3
Stealth        | 1 2 |  2.3
Long Blades    | 4 5 |  5.0
Fighting       | 4 |  4.3
Shields        | |  0.6

Action                   |  1- 3 |  4- 6 || total
-------------------------+-------+-------++-------
Melee: Falchion          |   110 |   167 ||   277
       Tailslap          |    21 |    26 ||    47
Invok: Berserk           |     1 |     2 ||     3
       Trog's Hand       |       |     1 ||     1
 Stab: Sleeping          |       |     3 ||     3
  Eat: Chunk             |     2 |     7 ||     9
Armor: Skin              |    38 |    29 ||    67
Dodge: Dodged            |    67 |    94 ||   161
Block: Buckler           |       |    18 ||    18
       Rpst.: Falchion   |    16 |    22 ||    38
